AoeStats
← savinbel

Arena

510340069Analyzed
1v1 RM · 12h ago on Sep 30, 2026· 113m 56s· 2 players
Game mode
Random Map
Map size
Tiny (2 player)
Population
200
Speed
Normal
Resources
Standard
Victory
Conquest
Starting age
Dark Age
Ending age
Imperial Age
RankedLock teamsTeams togetherTeam positionsShared explorationLock speedFull tech treeHidden civsTurbo modeCheats
Victory
Defeat
🇧🇾 Goths · Belarus
939
+16
🇲🇽 Spanish · Mexico
943
-16
savinbel
12:26 Feudal Age
16:58 Castle Age
15:40 Stone Mining
16:17 Double-Bit Axe
16:42 Horse Collar
17:08 Gold Mining
18:20 Wheelbarrow
18:17 Bow Saw
18:34 Heavy Plow
20:46 Stone Shaft Mining
21:48 Hand Cart
22:17 Town Watch
22:18 Loom
27:55 Squires
27:15 Pikeman
28:06 Town Patrol
30:01 Scale Mail Armor
30:39 Forging
31:22 Chain Mail Armor
32:11 Iron Casting
31:42 Fletching
31:36 Treadmill Crane
32:17 Ballistics
31:53 Murder Holes
32:44 Elite Skirmisher
34:07 Padded Archer Armor
34:20 Masonry
37:04 Imperial Age
35:15 Anarchy
38:59 Blast Furnace
37:22 Halberdier
39:05 Chemistry
38:07 Perfusion
38:27 Conscription
37:38 Sappers
38:40 Crop Rotation
40:48 Man-at-Arms
41:42 Bodkin Arrow
42:02 Leather Archer Armor
41:27 Long Swordsman
42:03 Two-Handed Swordsman
43:01 Bracer
44:46 Two-Man Saw
46:49 Champion
48:48 Ring Archer Armor
48:24 Scale Barding Armor
52:51 Chain Barding Armor
51:54 Elite Huskarl
52:55 Guilds
53:18 Architecture
56:54 Fervor
65:59 Light Cavalry
66:50 Bloodlines
66:40 Husbandry
66:44 Hussar
Levii
2:53 Loom
10:19 Feudal Age
10:53 Double-Bit Axe
13:10 Gold Mining
17:42 Castle Age
16:56 Horse Collar
18:52 Bow Saw
23:13 Stone Mining
23:42 Heavy Plow
25:05 Stone Shaft Mining
28:18 Scale Barding Armor
29:01 Bloodlines
29:33 Chain Barding Armor
29:24 Forging
29:42 Fletching
30:30 Forging
30:40 Bodkin Arrow
33:49 Imperial Age
33:29 Iron Casting
33:40 Wheelbarrow
37:56 Bracer
38:57 Ballistics
39:37 Chemistry
40:39 Two-Man Saw
40:35 Murder Holes
41:54 Masonry
42:04 Hand Cart
42:40 Padded Archer Armor
44:29 Elite Skirmisher
45:28 Leather Archer Armor
49:25 Cavalier
50:06 Husbandry
51:47 Ring Archer Armor
51:53 Plate Barding Armor
50:57 Cavalier
51:38 Husbandry
53:32 Thumb Ring
54:43 Blast Furnace
55:36 Architecture
55:28 Bombard Tower
55:03 Paladin
58:37 Scale Mail Armor
69:02 Pikeman
69:43 Squires
70:57 Halberdier
71:53 Chain Mail Armor
73:14 Arson
74:00 Plate Mail Armor
Connection lost

Rejoining the realm…

Still unreachable

The connection could not be restored.

Session expired

The server has moved on; the page needs a fresh start.